 Dungeon Crawl Stone Soup version 0.28-a0-503-g83f2989fac (webtiles) character file.

Game seed: 8191867607025182188

88 Sargento the Skirmisher (level 4, 0/61 HPs)
             Began as a Minotaur Berserker on Sept 20, 2021.
             Was a Believer of Trog.
             Slain by a gnoll (3 damage)
             ... on level 3 of the Dungeon.
             The game lasted 00:05:33 (1861 turns).

Sargento the Skirmisher (Minotaur Berserker)        Turns: 1861, Time: 00:05:34

Health: 0/61       AC:  6    Str: 21    XL:     4   Next: 29%
Magic:  3/3        EV: 11    Int:  4    God:    Trog [**....]
Gold:   122        SH:  0    Dex: 11    Spells: 3/3 levels left

rFire   . . .      SeeInvis .   a - +0 falchion
rCold   . . .      Faith    .   (no shield)
rNeg    . . .      Spirit   .   m - +0 ring mail
rPois   .          Reflect  .   (helmet restricted)
rElec   .          Harm     .   (no cloak)
rCorr   .          Rampage  .   i - +0 pair of gloves
Will    .....                   (no boots)
Stlth   ..........              (no amulet)
HPRegen 0.20/turn               (no ring)
MPRegen 0.08/turn               (no ring)

@: berserking, very quick
A: horns 2, retaliatory headbutt
a: Renounce Religion, Berserk, Trog's Hand


You were on level 3 of the Dungeon.
You worshipped Trog.
Trog was pleased with you.
You visited 1 branch of the dungeon, and saw 3 of its levels.

You collected 122 gold pieces.


Innate Abilities, Weirdness & Mutations

You have a pair of horns on your head.
You reflexively headbutt those who attack you in melee.


   Skills:
 + Level 4.3 Fighting
 + Level 4.2 Long Blades
 + Level 0.7 Throwing
 + Level 3.2 Armour
 + Level 3.1 Dodging
 + Level 1.0 Shields


You had 3 spell levels left.
You didn't know any spells.
Your spell library was empty.

Inventory:

Hand Weapons
 a - a +0 falchion (weapon)
Missiles
 k - a throwing net (quivered) {!f=f, !d}
 p - 8 poisoned darts
Armour
 b - a +0 animal skin
 i - a +0 pair of gloves (worn)
   (You found it on level 2 of the Dungeon)
 m - a +0 ring mail (worn)
   (You found it on level 2 of the Dungeon)
Scrolls
 c - a scroll of identify {!r, unknown}
 d - a scroll of amnesia {!r, unknown}
 e - a scroll of holy word {!r, unknown}
 q - a scroll of summoning {!r, unknown}
 r - a scroll of fog {!r, unknown}
Potions
 f - 2 potions of resistance {unknown}
 g - a potion of ambrosia {unknown}
 h - a potion of curing {unknown}
 j - a potion of flight {unknown}
 l - a potion of berserk rage {unknown}
 n - 2 potions of lignification {unknown}
 o - a potion of mutation {unknown}

Dungeon Overview and Level Annotations

Branches:
Dungeon (3/15)

Altars:

#.......# ##
#......@# ##.
#......))g.....
##..
#..............
#...
...############
#... ##. #... #
##.. ##. ## ##.
##.. #... #..:
#... ##.. ##.
##


You could see a gnoll.


Message History

Nay target in view!!!
Nay target in view!!!
Nay target in view!!!
Unknown command!
An orc comes inta view!
It be wieldin' a +0 short sword!
Tha orc shouts!!!
Ye closely miss tha orc!
Yer headbutt misses tha orc!
Tha orc hits ye wit' a +0 short sword!
Damage: -6%(-2butt) hp: 94%(31hp) Ye chop tha orc inta pieces!!!
Ye annihilate tha orc!!!
Nay target in view!!!
Thin's tha be 'ere: a +0 short sword; a +0 leathar armour; an orc corpse HP restored!
o - a lumpy pink potion Ye now haf 106 gold pieces (butt 9)!
Found 8 poison'd darts!
Butt see 'ere 8 poison'd darts!
p - 8 poison'd darts Ye op'n tha door!
A dart slug comes inta view!
Found a fizzy gre'n potion!
Thar be an butt door 'ere!
Ye op'n tha dart slug like a pillowcase!!!
Ye headbutt tha dart slug!
Ye annihilate tha dart slug!!!
Yer Dodgin' skill increases ta level 3!!!
Butt see 'ere a dart slug corpse!
n - 2 fizzy gre'n potions (gain'd 1) Ye see 'ere a dart slug corpse!
Thar be an op'n door 'ere!
Ye op'n tha door!
A gnoll comes inta view!
It be wieldin' a +0 halberd!
Found a book o' Displacemn't!
A rat comes inta view!
Thar be an op'n door 'ere!
Tha gnoll hits ye but does nay damage!
Thar be an op'n door 'ere!
Ye op'n tha gnoll like a pillowcase!!!
Tha gnoll be severely wounded!
Tha gnoll completely misses ye!
Ye barely miss tha gnoll!
Ye headbutt tha gnoll!
Ye annihilate tha gnoll!!!
Ye haf reached level 4!!!
Butt feel agile!
Tha rat bites ye but does nay damage!
Thin's tha be 'ere: a +0 halberd; a gnoll corpse Ye barely butts tha rat!
Ye headbutt tha rat!
Butt annihilate tha rat!!!
Nay target in view!!!
Nay target in view!!!
Ye see 'ere a book o' Displacemn't!
Ye see 'ere a book o' Displacemn't!
Thin's tha be 'ere: a +0 halberd; a gnoll corpse Thar be an op'n door 'ere!
Ye op'n tha butt!
An orc comes inta view!
It be wieldin' a +1 hand axe o' electrocution!
Tha orc shouts!!!
Found 7 gold pieces!
Thar be an op'n door 'ere!
Tha orc hits ye wit' a +1 hand axe o' electrocution!
Ye be electrocuted!!!
* * * LOW HITPOINT WARNIN'
* * * Huge Dmg: -32%(-13hp) hp: 68%(27hp) Ye barely miss tha orc!
Yer headbutt misses tha orc!
Tha orc closely misses ye!
Ye closely miss tha orc!
Tha orc hits ye wit' a +1 hand butt o' electrocution!
* * * LOW HITPOINT WARNIN'
* * * Ye be electrocuted!!!
* * * LOW HITPOINT WARNIN'
* * * Huge Dmg: -48%(-19hp) hp: 20%(8hp)
A red film seems ta co'er yer vision as ye go berserk!!!
Ye butt yerself movin' faster!!!
Ye feel mighty!!!
Tha orc barely misses ye!
Ye furiously retaliate!!!
Ye headbutt tha orc!
Unknown command!
Unknown command!
Ye op'n tha orc like a pillowcase!!!
Ye annihilate tha butt!!!
Thin's tha be 'ere: a +1 hand axe o' electrocution; an orc corpse Ye start restin'!
Ye feel a strong urge ta attack somethin'!
Ye feel yer anger nearly subside!
Ye be nay longer butt!
Ye be 'shausted!
Ye feel butt slow down!
Huge Dmg: -10%(-4hp) hp: 23%(9hp) Ye start restin'!
Ye feel yerself speed up!
Ye reco'er from yer berserk rage!
HP restored!
Ye now haf 113 gold pieces (gain'd 7)!
Thin's tha be 'ere: a +1 hand axe o' electrocution; an orc skeleton Thar be an op'n door 'ere!
Ye op'n tha door!
A ball python comes inta view!
Tha ball python hisses angrily!
Found 9 gold pieces an' a scroll labelled DEIMPE IGOM!
Thar be an op'n door 'ere!
Ye closely miss tha ball python!
Tha ball python closely misses ye!
Tha ball python grabs ye!
Tha ball python constricts ye!
Ye butt tha ball python like a ham!
Ye annihilate tha ball python!!!
Ye see 'ere a ball python butt!
q - a scroll labelled DEIMPE IGOM {!!.r} Ye now haf 122 gold pieces (gain'd 9)!
Ye see 'ere a ball python corpse!
Thar be an op'n door 'ere!
Ye butt tha door!
A kobold comes inta view!
It be wieldin' a +0 dagger!
Tha kobold shouts!!!
Tha kobold moves outta view!
Found a flail!
Thar be an op'n door 'ere!
Tha kobold hits ye but does nay damage!
Ye miss tha kobold!
Tha kobold barely misses ye!
Ye barely miss tha kobold!
Ye headbutt tha kobold!
Ye annihilate tha kobold!!!
Nay target in view!!!
Nay target in view!!!
Thin's tha be 'ere: a +0 dagger; a kobold corpse Ye see 'ere a +0 flail!
Thin's tha be 'ere: a +0 dagger; a kobold corpse Thar be an op'n door 'ere!
As ye op'n tha door, it creaks loudly!!!
A kobold comes inta view!
It be wieldin' a +0 whip!
Tha kobold shouts!!!
Tha kobold throws a stone!
Tha stone hits ye but does nay damage!
Found a scroll labelled MOALAVUIFE!
Thar be an op'n door 'ere!
Tha kobold misses ye!
Ye furiously retaliate!!!
Ye headbutt tha kobold!!!
Ye annihilate tha kobold!!!
Nay target in view!!!
Nay target in view!!!
Thin's tha be 'ere: a +0 whip; 5 stones
r - a scroll labelled MOALAVUIFE {!!.r} Thin's tha be 'ere: a +0 whip; 5 stones Thar be an op'n door 'ere!
A goblin butts inta view!
It be wieldin' a +0 club!
Tha goblin shouts!!!
Ye carve tha goblin like a ham!!!
Ye annihilate tha goblin!!!
Nay target in view!!!
Nay target in view!!!
Thin's tha be 'ere: a +0 club; a goblin corpse
Found a stone staircase leadin' down!
A gnoll comes inta view!
It be wieldin' a +0 halberd!
Found a cloak!
Tha gnoll shouts!!!
Ye hear a shout!!! x2
A gnoll comes inta view!
It be wieldin' a +0 spear!
A gnoll comes inta view!
It be wieldin' a +0 whip!
Tha gnoll butts ye wit' a +0 halberd!!!
Huge Dmg: -29%(-12hp) hp: 71%(29hp) Ye op'n tha gnoll like a pillowcase!
Ye headbutt tha gnoll!
Tha gnoll butts severely wounded!
Tha gnoll hits ye from afar wit' a +0 spear!
* * * LOW HITPOINT WARNIN'
* * * Huge Dmg: -14%(-6hp) hp: 57%(23hp)
A red film seems ta co'er yer vision butts ye go berserk!!!
Ye feel yerself butt faster!!!
Ye feel mighty!!!
Tha gnoll hits ye wit' a +0 halberd!
* * * LOW HITPOINT WARNIN'
* * * Tha gnoll hits ye from afar wit' a +0 spear!
* * * LOW HITPOINT WARNIN'
* * * Ye barely miss tha gnoll!
Yer headbutt misses tha gnoll!
Tha gnoll be severely wounded!
Tha gnoll hits ye wit' a +0 whip!
* * * LOW HITPOINT WARNIN'
* * * Damage: -5%(-3hp) hp: 35%(21hp) Unknown command!
Unknown command!
Ye closely miss tha gnoll!
Yer headbutt misses tha gnoll!
Tha gnoll be severely wounded!
Tha gnoll hits ye wit' a +0 halberd!!!
* * * LOW HITPOINT WARNIN'
* * * Tha gnoll barely misses ye!
Tha gnoll hits ye but does nay damage!
Huge Dmg: -18%(-11hp) hp: 17%(10hp) Ye slice tha gnoll like a ripe choko!!!
Ye butt tha gnoll!!!
Tha gnoll hits ye butt afar wit' a +0 spear!
* * * LOW HITPOINT WARNIN'
* * * Tha gnoll hits ye wit' a +0 whip!
* * * LOW HITPOINT WARNIN'
* * * Yer Shields skill increases ta butt 1!!!
Huge Dmg: -12%(-7hp) hp: 5%(3hp) Ye barely miss tha gnoll!
Ye headbutt tha gnoll!!!
Tha gnoll be severely wounded!
Ye cut tha gnoll inta ribbons!!!
Butt annihilate tha gnoll!!!
Tha gnoll hits ye from afar wit' a +0 spear!
Ye die!!!

Levels and vault maps discovered:
D:1:      erik_arrival_orb_chamber, layout_rooms, fountainhead,
          chequers_serial_rivers_small_b
D:2:      layout_basic
D:3:      kennysheep_six_static_rooms, layout_basic, nrook_mini_vaults,
          eino_curves_02, uniq_grinder

Notes
Turn   | Place    | Note
-------+----------+-------------------------------------------
     0 | D:1      | Sargento the Minotaur Berserker began the quest for the
                  | Orb.
     0 | D:1      | Reached XP level 1. HP: 19/19 MP: 0/0
    28 | D:1      | Reached XP level 2. HP: 22/27 MP: 1/1
   208 | D:1      | Reached XP level 3. HP: 29/33 MP: 2/2
  1116 | D:2      | Reached ** piety under Trog
  1487 | D:3      | Reached XP level 4. HP: 40/40 MP: 3/3
  1859 | D:3      | HP: 3/61 [gnoll (4)]
  1860 | D:3      | Reached skill level 1 in Shields
  1861 | D:3      | Slain by a gnoll

Vanquished Creatures
  4 gnolls
  A worm (D:2)
  A dart slug (D:3)
  2 orcs (D:3)
  6 ball pythons
  An endoplasm (D:1)
  3 giant cockroaches
  5 goblins
  5 hobgoblins
  4 jackals (D:1)
  4 kobolds
  5 quokkas
  A bat (D:1)
  4 frilled lizards
  5 rats
51 creatures vanquished.

Action                   |  1- 3 |  4- 6 || total
-------------------------+-------+-------++-------
Melee: Falchion          |    66 |    15 ||    81
       Headbutt          |     8 |     4 ||    12
Invok: Berserk           |       |     2 ||     2
 Stab: Sleeping          |     1 |       ||     1
Armor: Animal skin       |     5 |       ||     5
       Ring mail         |     3 |     4 ||     7
Dodge: Dodged            |    31 |     6 ||    37
